Canonan, chaotic male orcish Barbarian ..........}}}......................................... ...........}}............................. .....<....}}...........-- .....- ...........}}..........- | ......| ..........}}}..........| ........| ...........}}}.........-----..........+ ..........}}}}}}}}}..T...............T+ ........}}}}}}}}}}}}}@T.......----- | ......}}}}}}}}}}}}}}..}.......- | .....}}}}}}}......}..}}}}.O...| ------------------ ....}}}}}}}.........}}}}}}....----- ....................... ...}}}}}}}..........}}}}}}}.................................. ....}}}}}}}........}}}}}}}.................................... .....}}}}}^.......}}}}}}}.........----- ..................... ......}}}..}}}}}}}}}}}}...........- | .............. ......%...}}}}}}}}}}}.............| ...... .........%}}}}}}}}}...............----- ............... ..............}}}................................................. ......%........}}.................................................... ................}}}................................................... Canonan the Brigand Experience level: 11 Strength: 18/16 Dexterity: 16 Constitution: 18 Intelligence: 7 Wisdom: 12 Charisma: 7 Health: 0(121) Energy: 23(23) AC: -7 Gold: 1083 Moves: 7599 Your Inventory: Coins $ - 1083 gold pieces Amulets L - a [cursed] warped amulet [of strangulation] M - a [cursed] convex amulet [of restful sleep] Weapons a - an uncursed +0 two-handed sword u - an [uncursed +0] battle-axe (weapon in hands) Armor y - a blessed +1 dwarvish iron helm (being worn) E - an [uncursed] +0 orcish cloak (being worn) F - an uncursed +0 pair of gauntlets of dexterity (being worn) P - an [uncursed] +0 pair of iron shoes (being worn) W - an [uncursed] +0 elven mithril-coat (being worn) Scrolls d - a [cursed] scroll labeled AQUE BRAGH [of teleportation] q - an [uncursed] scroll labeled VERR YED HORRE [of confuse monster] t - an [uncursed] scroll labeled AQUE BRAGH [of teleportation] v - a [cursed] scroll labeled VAS CORP BET MANI [of enchant armor] w - an [uncursed] scroll labeled NR 9 [of fire] Potions U - an [uncursed] sparkling potion [of sickness] V - an [uncursed] yellow potion [of see invisible] Z - an [uncursed] silver potion [of hallucination] Rings f - an uncursed ring of invisibility (on left hand) h - an [uncursed] iron ring [of see invisible] i - an uncursed +4 ring of protection (on right hand) l - an [uncursed] topaz ring [of teleport control] J - an [uncursed] topaz ring [of teleport control] X - an [uncursed] brass ring [of sustain ability] Wands j - an [uncursed] ceramic wand [of nothing (0:4)] k - an [uncursed] wand called para? [of sleep (0:6)] p - an [uncursed] wand of fire [0:3] z - an [uncursed] curved wand [of create monster (0:11)] S - an [uncursed] wand of magic missile [0:3] T - an [uncursed] wand of digging [0:3] Tools m - a [cursed] key [skeleton key] o - an uncursed oil lamp (lit) (0:1032) x - an uncursed bag of holding D - an [uncursed +0] unicorn horn I - an [uncursed] blindfold Contents of the bag of holding: 2442 gold pieces 5 uncursed food rations an [uncursed] lizard corpse 15 [uncursed] lumps of royal jelly an [uncursed] scroll called scare mon? [of scare monster] an [uncursed] scroll called uncurse [of remove curse] a [cursed] scroll called uncurse [of remove curse] a cursed scroll of charging a [blessed] scroll of create monster 4 [uncursed] scrolls of create monster a [blessed] scroll of earth an uncursed scroll of enchant weapon an [uncursed] scroll of gold detection a [cursed] scroll of gold detection an uncursed scroll of magic mapping 2 [blessed] unlabeled scrolls [of blank paper] a [cursed] unlabeled scroll [of blank paper] an [uncursed] purple spellbook [of levitation] an [uncursed] spellbook of healing 20 [uncursed] clear potions [of water] a [blessed] clear potion [of holy water] a cursed potion of confusion a [blessed] potion of confusion a cursed potion of enlightenment an uncursed potion of invisibility an uncursed potion of monster detection an uncursed potion of object detection a [cursed] potion of object detection an uncursed ring of cold resistance an uncursed ring of conflict an [uncursed] ring of conflict a cursed -2 ring of gain dexterity an uncursed +1 ring of gain wisdom a cursed -2 ring of increase damage an uncursed ring of levitation an uncursed ring of polymorph control a cursed ring of regeneration an [uncursed] wand of fire [0:8] an uncursed wand of opening (0:5) an uncursed wand of secret door detection (0:11) an [uncursed] wand of secret door detection [0:14] an [uncursed] wand of speed monster [0:6] an [uncursed] wand of speed monster [0:5] 10 [uncursed wax] candles an [uncursed +0] pick-axe Spells known in the end: Name Level Category Fail Memory a - healing 1 healing 100% [||||||..] Your skills at the end: Fighting Skills bare handed combat [Basic / Master] body armor [Basic / Skilled] Weapon Skills axe [Basic / Expert] two-handed sword [Expert / Expert] Spellcasting Skills Final Attributes: You were piously aligned. Hunger level was 491. Your alignment was 47 / 47. Monster difficulty range was 2 - 13. Level difficulty was 15. You were immune to poison. You saw invisible. You had infravision. You were invisible to others. You were protected. You were fast. Your luck was zero. You are dead. Vanquished creatures: a ghost a queen bee 4 giant mimics a rock troll 7 small mimics a troll a freezing sphere a large cat a gargoyle 2 tengu a human mummy a carnivorous ape 5 ettin zombies a chameleon a crocodile 2 giant beetles a cockatrice 4 wolves 27 leprechauns a scorpion a horse 2 ice vortices a dwarf mummy 14 ogres an owlbear 3 lizards 2 dogs 2 dingos a jaguar a white unicorn a dust vortex 2 gnome mummies 2 snakes 5 Woodland-elves a soldier ant 8 bugbears a wood nymph a mountain nymph 2 Uruk-hai 2 orc shamans 5 rock piercers an enormous rat 2 rock moles 2 ponies 2 yellow lights 3 violet fungi 6 gnome lords a gnomish wizard a kobold mummy a black naga hatchling a golden naga hatchling a gray ooze 7 elf zombies a straw golem a paper golem 2 wax golems a giant ant 2 little dogs a floating eye a kitten 2 dwarves a kobold shaman 3 hill orcs 3 rothes 2 centipedes 3 giant bats a monkey a werejackal an iguana 53 killer bees an acid blob a coyote a gas spore 2 hobbits a large kobold 8 hobgoblins 2 giant rats 8 cave spiders a red mold 2 gnomes 2 gnome zombies a gecko 2 jackals 2 foxes 2 goblins 3 grid bugs 2 bats 3 lichens 2 kobold zombies 4 newts 279 creatures vanquished. Voluntary challenges: You were an atheist. You used a wielded weapon 409 times. You read items or engraved 33 times. You put on armor 16 times. You never genocided any monsters. You never polymorphed an object. You never changed form. You used no wishes. You wrote Elbereth's name 1 time. You encountered 1 bones level. You used 4 Sokoban shortcuts. Dungeon overview: The Dungeons of Doom: levels 1 to 13 Level 1 an altar to Set, a fountain a long staircase Level 4 a general store, a fountain Level 5 a general store Level 6 a fountain, a sink Level 7 many fountains Level 8 a fountain stairs to Sokoban Level 9 stairs to Town Level 10 a fountain Level 11 a fountain Level 13 a fountain portal to The Quest The Quest: levels 1 to 3 Level 1 a magic chest, a throne portal to The Dungeons of Doom Level 3 <- You were here Sokoban: levels 5 to 7 Level 7 a magic chest stairs to The Dungeons of Doom Town: Level 8 stairs to The Dungeons of Doom History has recorded: On T:1 you entered the Dungeons of Doom to retrieve the Amulet of Yendor! On T:346 you reached level 2 of The Dungeons of Doom. On T:363 you advanced to experience level 2. On T:447 you advanced to experience level 3. On T:561 you reached level 3 of The Dungeons of Doom. On T:740 you advanced to experience level 4. On T:1046 you reached level 4 of The Dungeons of Doom. On T:1135 you advanced to experience level 5. On T:1146 you advanced to experience level 6. On T:1466 you reached level 5 of The Dungeons of Doom. On T:1471 you advanced to experience level 7. On T:1749 you reached level 6 of The Dungeons of Doom. On T:2045 you reached level 7 of The Dungeons of Doom. On T:2129 you advanced to experience level 8. On T:2181 you reached level 8 of The Dungeons of Doom. On T:2232 you reached level 3 of Sokoban. On T:2669 you reached level 2 of Sokoban. On T:3238 you reached level 1 of Sokoban. On T:4189 you advanced to experience level 9. On T:4588 you reached level 9 of The Dungeons of Doom. On T:4648 you reached level 3 of Town. On T:4924 you advanced to experience level 10. On T:4994 you reached level 10 of The Dungeons of Doom. On T:5915 you reached level 12 of The Dungeons of Doom. On T:6320 you reached level 13 of The Dungeons of Doom. On T:6660 you advanced to experience level 11. On T:6924 you reached level 1 of The Quest. On T:7031 you embarked upon an epic quest. On T:7215 you reached level 2 of The Quest. On T:7530 you reached level 3 of The Quest. Latest messages: The rock troll misses. The rock troll just misses! The rock troll misses. [HP+2=35] You miss the rock troll. The rock troll misses. The rock troll hits! The rock troll bites! [HP-5=30] You smite the rock troll! The rock troll misses. The rock troll hits! The rock troll bites! [HP-14=16] You miss the rock troll. The rock troll misses. (2x) The rock troll just misses! The troll hits! The troll misses. (2x) [HP-2=14] You smite the rock troll! The rock troll hits! (2x) The rock troll bites! The troll hits! You die... Final status: Goodbye Canonan the Barbarian... You died in The Quest on dungeon level 3 with 17137 points, and 3525 pieces of gold, after 7599 moves. You were level 11 with a maximum of 121 hit points when you died.